 Dungeon Crawl Stone Soup version 0.28-a0-1404-g4df0f3684d (webtiles) character file.

Game seed: 17282545822808357600

28 freelancePsychic the Skirmisher (level 3, -3/29 HPs)
             Began as a Demonspawn Fighter on Jan 5, 2022.
             Slain by a gnoll (8 damage)
             ... on level 2 of the Dungeon.
             The game lasted 00:02:02 (1289 turns).

freelancePsychic the Skirmisher (DsFi)              Turns: 1289, Time: 00:02:02

Health: -3/29      AC:  6    Str: 16    XL:     3   Next: 0%
Magic:  3/3        EV:  8    Int: 13    God:
Gold:   24         SH:  4    Dex: 12    Spells: 0/2 levels left

rFire   . . .      SeeInvis .   a - +0 rapier
rCold   . . .      Faith    .   c - +0 buckler
rNeg    . . .      Spirit   .   b - +0 scale mail
rPois   .          Reflect  .   (no helmet)
rElec   .          Harm     .   (no cloak)
rCorr   .          Rampage  .   (no gloves)
Will    .....                   (no boots)
Stlth   ..........              (no amulet)
HPRegen 0.09/turn               (no ring)
MPRegen 0.08/turn               (no ring)

@: no status effects
A: big brain 1, demonic magic 1
a: no special abilities


You were on level 2 of the Dungeon.
You visited 1 branch of the dungeon, and saw 2 of its levels.

You collected 90 gold pieces.
You spent 66 gold pieces at shops.

Inventory:

Hand Weapons
 a - a +0 rapier (weapon)
Armour
 b - a +0 scale mail (worn)
 c - a +0 buckler (worn)
Scrolls
 e - a scroll of vulnerability
 f - a scroll of enchant weapon
 h - 2 scrolls of identify {@r1}
Potions
 d - a potion of might
 g - a potion of curing {unknown}


   Skills:
 - Level 3.3 Fighting
 - Level 2.2 Short Blades
 - Level 2.7 Armour
 - Level 3.0 Shields
 + Level 0.1 Spellcasting
 + Level 0.3 Conjurations
 + Level 0.2 Air Magic


You couldn't memorise any spells.
You knew the following spells:

 Your Spells              Type           Power      Damage    Failure   Level
a - Static Discharge      Conj/Air       0%         N/A       88%         2

Your spell library contained the following spells:

 Spells                   Type           Power      Damage    Failure   Level
 Lightning Bolt           Conj/Air       0%         1d11      100%        5
 Maxwell's Capacitive Co  Air            0%         ∞         100%        8


Dungeon Overview and Level Annotations

Branches:
Dungeon (2/15)

Altars:

Shops:
D:1 ?


Innate Abilities, Weirdness & Mutations

You have an unusually large brain. (Int +2)
Spells you cast may paralyse adjacent enemies.


Message History

Your brain expands.
This spell is extremely dangerous to cast!
Memorise Static Discharge, consuming 2 spell levels and leaving 0?
You start memorising the spell.
You continue memorising. x2
You finish memorising.
Spell assigned to 'a'.
You see here a bat corpse.
Found a stone staircase leading down.
A gnoll comes into view. It is wielding a +0 halberd.
The gnoll shouts!
A gnoll is nearby!
A gnoll is nearby!
The gnoll barely misses you. The gnoll barely misses you.
You barely miss the gnoll. You block the gnoll's attack.
A gnoll comes into view. It is wielding a +0 spear.
The gnoll barely misses you.
You barely miss the gnoll.
The gnoll shouts!
The gnoll barely misses you.
You hit the gnoll.
The gnoll is lightly wounded.
You block the gnoll's attack.
You hit the gnoll.
The gnoll is moderately wounded.
The gnoll hits you from afar with a +0 spear.
You block the gnoll's attack.
The gnoll hits you from afar with a +0 spear.
You closely miss the gnoll.
The gnoll is moderately wounded.
The gnoll barely misses you.
The gnoll hits you from afar with a +0 spear.
You hit the gnoll.
The gnoll is almost dead.
The gnoll hits you with a +0 halberd!
A gnoll comes into view. It is wielding a +0 spear.
The gnoll hits you from afar with a +0 spear.
* * * LOW HITPOINT WARNING * * *
The gnoll shouts!
The gnoll hits you from afar with a +0 halberd!
You die...

#.#..#.# #.# #.#..#.#
#.# ###+#######.#..#.#
#.# .........##.#..#†#
#.# .........##.#..#.#
#.# ............#..#.#
#.# .........##.#..#.#
#.#
.........#######.####.##
.........gg.@.>#.......#
...####g#####..#########
#.####.# #..# #......#
#..# #......# #..#
#......# #..# #.....g#
#..# #......# #..#
#.####$#


You could see 3 gnolls.

Vanquished Creatures
  An endoplasm (D:1)
  A giant cockroach (D:2)
  3 hobgoblins (D:1)
  3 kobolds (D:1)
  3 quokkas (D:1)
  2 ball pythons (D:1)
  4 bats
  3 frilled lizards (D:1)
  4 goblins (D:1)
  3 rats (D:1)
27 creatures vanquished.

Notes
Turn   | Place    | Note
-------+----------+-------------------------------------------
     0 | D:1      | freelancePsychic the Demonspawn Fighter began the quest for
                  | the Orb.
     0 | D:1      | Reached XP level 1. HP: 18/18 MP: 1/1
   270 | D:1      | Gained mutation: Spells you cast may paralyse adjacent
                  | enemies. [demonic ancestry]
   270 | D:1      | Reached XP level 2. HP: 24/24 MP: 2/2
   508 | D:1      | Found a faded altar of an unknown god.
   644 | D:1      | Found Upushruu's Magic Scroll Boutique.
   651 | D:1      | Bought a scroll of identify for 22 gold pieces
   651 | D:1      | Bought a scroll of identify for 22 gold pieces
   651 | D:1      | Bought a scroll of identify for 22 gold pieces
  1210 | D:2      | Gained mutation: You have an unusually large brain. (Int
                  | +2) [demonic ancestry]
  1210 | D:2      | Reached XP level 3. HP: 29/29 MP: 3/3
  1213 | D:2      | Learned a level 2 spell: Static Discharge
  1289 | D:2      | Slain by a gnoll

Illustrated notes

Levels and vault maps discovered:
D:1:      dpeg_arrival_more_subterranean_lakeside_camping, layout_loops_corners,
          hellmonk_ecumenical_altar_leap_of_faith, serial_shops, shop
D:2:      layout_basic, serial_shops, shop, lemuel_old_faithful

Skill      XL: |  1  2 |
---------------+-------+-----
Short Blades   | 2 |  2.2
Shields        | 3 |  3.0
Fighting       | |  3.3
Armour         | |  2.7
Spellcasting   | |  0.1
Conjurations   | |  0.3
Air Magic      | |  0.2

Action                   || total
-------------------------++-------
Melee: Rapier            ||    73
  Use: Scroll            ||     4
Armor: Scale mail        ||    37
Dodge: Dodged            ||    35
Block: Buckler           ||    16

Table legend: (Time is in decaauts)
 A = Elapsed time spent in this place.
 B = Non-inter-level travel time spent in this place.
 C = Inter-level travel time spent in this place.
 D = Time resting spent in this place.
 E = Time spent auto-exploring this place.
 F = Levels seen in this place.
 G = Mean time per level.
                   A        B        C        D        E       F      G
               +--------+--------+--------+--------+--------+-----+--------+
         Total |   1300 |   1284 |     16 |      0 |   1104 |   2 |  650.0 |
       Dungeon |   1300 |   1284 |     16 |      0 |   1104 |   2 |  650.0 |
               +--------+--------+--------+--------+--------+-----+--------+

Top non-repeatable levels by time:
     D:1: 1205 daAuts
     D:2: 95 daAuts
